 Dungeon Crawl Stone Soup version 0.29.1 (webtiles) character file.

Game seed: 13152050298723218203

863 ragingrage the Cleaver (level 7, -8/46 HPs)
             Began as a Demonspawn Wanderer on Sept 14, 2022.
             Mangled by a two-headed ogre
             ... wielding a +0 giant club
              (9 damage)
             ... on level 5 of the Dungeon.
             The game lasted 00:04:51 (4895 turns).

ragingrage the Cleaver (Demonspawn Wanderer)        Turns: 4895, Time: 00:04:52

Health: -8/46      AC:  7    Str: 16    XL:     7   Next: 72%
Magic:  8/8        EV: 11    Int: 12    God:
Gold:   364        SH:  0    Dex: 12    Spells: 7/8 levels left

rFire   . . .      SeeInvis .   a - +2 hand axe
rCold   . . .      Faith    .   (no shield)
rNeg    . . .      Spirit   .   u - +0 troll leather armour {Pargi}
rPois   .          Reflect  .   b - +0 helmet
rElec   .          Harm     .   (no cloak)
rCorr   .          Rampage  .   x - +1 pair of gloves
Will    .....                   (no boots)
Stlth   ++........              (no amulet)
HPRegen 0.95/turn               (no ring)
MPRegen 0.11/turn               (no ring)

@: studying Short Blades
A: claws 1, hooves 1, demonic guardian 1, foul stench 1, weakness stinger 1
a: no special abilities


You were on level 5 of the Dungeon.
You visited 2 branches of the dungeon, and saw 6 of its levels.

You collected 364 gold pieces.

Inventory:

Hand Weapons
 a - a +2 hand axe (weapon)
 h - a +0 vorpal spear
Missiles
 m - 16 poisoned darts
Armour
 b - a +0 helmet (worn)
 l - a +0 tower shield
 u - a +0 troll leather armour (worn) {Pargi}
 x - a +1 pair of gloves (worn)
Wands
 r - a wand of roots (4) (quivered)
 s - a wand of mindburst (13)
 v - a wand of digging (5)
 w - a wand of polymorph (13)
 B - a wand of charming (7)
Scrolls
 c - a scroll of silence
 g - 5 scrolls of identify {unknown}
 j - 2 scrolls of immolation {unknown}
 k - 3 scrolls of teleportation {unknown}
 n - a scroll of vulnerability {unknown}
 t - 2 scrolls of enchant armour {unknown}
 C - a scroll of fog {unknown}
Potions
 d - a potion of cancellation {unknown}
 e - a potion of flight {unknown}
 f - a potion of magic
 i - a potion of curing {unknown}
 o - a potion of attraction {unknown}
 p - a potion of degeneration {unknown}
 q - 6 potions of lignification {unknown}
 z - a potion of brilliance {unknown}
 A - a potion of heal wounds {unknown}
 D - a potion of mutation {unknown}


   Skills:
 + Level 8.9 Axes
 - Level 1.0 Throwing
 - Level 2.6 Stealth
 - Level 1.0 Spellcasting
 - Level 1.0 Fire Magic


You had 7 spell levels left.
You knew the following spells:

 Your Spells              Type           Power      Damage    Failure   Level
a - Foxfire               Conj/Fire      4%         2x1d4     30%         1

Your spell library contained the following spells:

 Spells                   Type           Power      Damage    Failure   Level
 Necrotise                Necr           0%         1d4       36%         1
 Conjure Flame            Conj/Fire      1%         6-21      65%         3
 Vampiric Draining        Necr           0%         2d6       73%         3
 Agony                    Necr           0%         N/A       100%        5


Dungeon Overview and Level Annotations

Branches:
Dungeon (5/15)             Temple (1/1) D:4

Altars:
Ashenzari
Cheibriados
Dithmenos
Fedhas
Kikubaaqudgha
Makhleb
Okawaru
Qazlal
Sif Muna
Vehumet
Wu Jian

Annotations:
D:3 2 transporters, 0gre's ghost, amateur GnIE
D:4 1 runed translucent door, Chani's ghost, amateur MiFi


Innate Abilities, Weirdness & Mutations

You have sharp fingernails.
You have large cloven feet.
A weak demonic guardian rushes to your aid.
You may rarely emit foul miasma when damaged in melee.
You have a small tail.


Message History

Throw: 2 darts (curare)
Press: ? - help, Q - select action, (/) - cycle Shift-Dir - straight line, f - two-headed ogre
Aim: a two-headed ogre, wielding two +0 giant clubs (72% to hit)
You throw a curare-tipped dart.
The curare-tipped dart completely misses the two-headed ogre.
Throw: dart (curare)
Press: ? - help, Q - select action, (/) - cycle Shift-Dir - straight line, f/p - two-headed ogre
Aim: a two-headed ogre, wielding two +0 giant clubs (72% to hit)
You throw a curare-tipped dart.
The curare-tipped dart completely misses the two-headed ogre.
Aiming: Fastroot
Press: ? - help, Q - select action, (/) - cycle Shift-Dir - straight line, f/p - two-headed ogre
Aim: a two-headed ogre, wielding two +0 giant clubs The roots erupt in riotous growth!
Roots grab the two-headed ogre.
The grasping roots constrict the two-headed ogre.
The two-headed ogre hits you with a +0 giant club.
The two-headed ogre barely misses you.
You hit the two-headed ogre but do no damage.
You kick the two-headed ogre.
The two-headed ogre is lightly wounded.
The grasping roots constrict the two-headed ogre.
You slash the two-headed ogre!
The two-headed ogre is moderately wounded.
The grasping roots constrict the two-headed ogre.
The roots release their grip on the two-headed ogre.
The two-headed ogre closely misses you.
The two-headed ogre hits you with a +0 giant club!
Aiming: Fastroot
Press: ? - help, Q - select action, (/) - cycle Shift-Dir - straight line, f/p - two-headed ogre
Aim: a two-headed ogre, wielding two +0 giant clubs (heavily wounded)
The roots erupt in riotous growth!
Roots grab the two-headed ogre.
The grasping roots constrict the two-headed ogre.
The two-headed ogre hits you with a +0 giant club!!
Ouch! That really hurt!
* * * LOW HITPOINT WARNING * * *
A demonic guardian appears!
The two-headed ogre hits you with a +0 giant club!
You die...

#...(........
##...#.<..##. #...#.....#
#...##....# ##..# #...#
#..# #..# #..## #..#
##.O# ..# #.@# #5.# ##.##
....## #..# .....# #.
#..## #....###<.. ###
#...## #..........
#.######....# #..........
##.....#....###..........
#...........##..........


You could see a two-headed ogre (rooted, ally target) and a friendly iron imp
(summoned).

Vanquished Creatures
  Pargi (D:3)
  An ice beast (D:4)
  An ogre (D:4)
  2 orc priests (D:4)
  An iguana (D:4)
  Ijyb (D:3)
  Natasha (twice) (D:2)
  5 orc wizards
  7 gnolls
  7 adders
  A shadow imp (D:4)
  A worm (D:5)
  6 orcs
  4 endoplasms
  4 giant cockroaches
  17 goblins
  9 hobgoblins
  3 jackals (D:3)
  3 quokkas
  5 ball pythons
  2 bats (D:1)
  5 frilled lizards
  7 kobolds
  3 rats (D:1)
98 creatures vanquished.

Vanquished Creatures (collateral kills)
  A scorpion (D:4)
  A goblin (D:4)
2 creatures vanquished.

Vanquished Creatures (others)
  Natasha (D:3)
  17 foxfires
  11 withered plants
29 creatures vanquished.

Grand Total: 129 creatures vanquished

Notes
Turn   | Place    | Note
-------+----------+-------------------------------------------
     0 | D:1      | ragingrage the Demonspawn Wanderer began the quest for the
                  | Orb.
     0 | D:1      | ragingrage set off with the following items: a +2 hand axe,
                  | a +0 helmet, a scroll of silence, a +0 leather armour; and
                  | the following spell memorised: Foxfire; and the following
                  | spells available to memorise: Conjure Flame.
     0 | D:1      | Reached XP level 1. HP: 13/13 MP: 2/2
   246 | D:1      | Reached skill level 4 in Axes
   259 | D:1      | Discovered your monstrous ancestry.
   259 | D:1      | Gained mutation: You have a small tail. [demonic ancestry]
   259 | D:1      | Reached XP level 2. HP: 19/19 MP: 3/3
  1216 | D:2      | Gained mutation: You have sharp fingernails. [demonic
                  | ancestry]
  1216 | D:2      | Reached XP level 3. HP: 19/24 MP: 0/4
  1707 | D:2      | Reached skill level 5 in Axes
  1707 | D:2      | HP: 1/24 [poisoned by an adder]
  2118 | D:1      | Gained mutation: You may rarely emit foul miasma when
                  | damaged in melee. [demonic ancestry]
  2118 | D:1      | Reached XP level 4. HP: 25/30 MP: 5/5
  2318 | D:2      | Found a faded altar of an unknown god.
  2477 | D:3      | Found a transporter.
  2532 | D:3      | Noticed Natasha
  2546 | D:3      | Killed Natasha
  2547 | D:3      | Gained mutation: A weak demonic guardian rushes to your
                  | aid. [demonic ancestry]
  2547 | D:3      | Reached XP level 5. HP: 11/35 MP: 6/6
  2553 | D:3      | Noticed Natasha
  2569 | D:2      | Killed Natasha
  2570 | D:2      | Reached skill level 6 in Axes
  2947 | D:3      | Found a snail-covered altar of Cheibriados.
  3145 | D:3      | Noticed Pargi
  3164 | D:3      | Killed Pargi
  3165 | D:3      | Reached XP level 6. HP: 26/41 MP: 7/7
  3519 | D:3      | Noticed Ijyb
  3723 | D:3      | Noticed 0gre's ghost (amateur GnIE)
  3732 | D:3      | Found a transporter.
  3783 | D:3      | Killed Ijyb
  3891 | D:4      | Found a burning altar of Makhleb.
  3903 | D:4      | Reached skill level 7 in Axes
  3963 | D:4      | Found a broken altar of Ashenzari.
  4083 | D:2      | Noticed Natasha
  4091 | D:2      | Killed Natasha
  4097 | D:2      | Prayed at the altar of an unknown god.
  4097 | D:2      | Became a worshipper of Vehumet
  4097 | D:2      | Reached * piety under Vehumet
  4097 | D:2      | Offered knowledge of Magic Dart by Vehumet.
  4124 | D:3      | Fell from the grace of Vehumet
  4171 | D:4      | Found a runed translucent door.
  4193 | D:4      | Noticed Chani's ghost (amateur MiFi)
  4201 | D:4      | Gained mutation: You have large cloven feet. [demonic
                  | ancestry]
  4201 | D:4      | Reached XP level 7. HP: 44/46 MP: 8/8
  4257 | D:4      | Reached skill level 8 in Axes
  4314 | D:4      | Found a staircase to the Ecumenical Temple.
  4348 | Temple   | Entered the Ecumenical Temple
  4621 | D:5      | Entered Level 5 of the Dungeon
  4880 | D:5      | Noticed a two-headed ogre
  4895 | D:5      | HP: 1/46 [two-headed ogre/+0 giant club (35)]
  4895 | D:5      | Mangled by a two-headed ogre

Illustrated notes

Levels and vault maps discovered:
D:1:      dpeg_arrival_water_temple_mockup, layout_loops_corners, minmay_vboxes
D:2:      layout_rooms, ebering_ecumenical_altar_petrified,
          minmay_misc_feat_square
D:3:      kennysheep_goblin_castle, layout_rooms, amcnicky_altar_gilded,
          gammafunk_ghost_smash, uniq_natasha, uniq_pargi
D:4:      layout_rooms, bloody_makhleb, nicolae_overflow_hidden_temple,
          minmay_temple_entry_antechambers, gammafunk_ghost_grave
D:5:      layout_layer_cave, kennysheep_mini, minmay_manual_moon
Temple:   eino_temple_lava

Skill      XL: |  1  2  3  4  5  6  7 |
---------------+----------------------+-----
Axes           | 4 5 6 7 8 |  8.9
Throwing       | |  1.0
Stealth        | |  2.6
Spellcasting   | |  1.0
Fire Magic     | |  1.0

Action                   |  1- 3 |  4- 6 |  7- 9 || total
-------------------------+-------+-------+-------++-------
Melee: Hand axe          |    99 |   147 |    67 ||   313
       Tailslap          |     5 |    14 |     8 ||    27
       Unarmed           |       |    12 |       ||    12
       Kick              |       |       |    21 ||    21
       Punch             |       |       |     1 ||     1
Throw: Dart              |       |       |     2 ||     2
 Cast: Foxfire           |    12 |       |       ||    12
Invok: Renounce Religion |       |     1 |       ||     1
Evoke: Wand              |       |       |     2 ||     2
  Use: Potion            |     1 |       |       ||     1
 Stab: Sleeping          |     2 |     1 |       ||     3
Armor: Leather armour    |    41 |    28 |       ||    69
       Troll leather arm |       |    19 |    18 ||    37
       Skin              |       |     1 |       ||     1
Dodge: Dodged            |    54 |    98 |    23 ||   175
